AoeStats
← 东京节度使

Arena

508208313Analyzed
4v4 RM · 10d ago on Sep 21, 2026· 42m 28s· 8 players
Game mode
Random Map
Map size
Large (8 player)
Population
200
Speed
Normal
Resources
Standard
Victory
Conquest
Starting age
Dark Age
Ending age
Imperial Age
RankedLock teamsTeams togetherTeam positionsShared explorationLock speedFull tech treeHidden civsTurbo modeCheats
Victory
Defeat
🇧🇪 Italians · Belgium
1088
+14
🇵🇱 Poles · Poland
1083
+15
🇹🇷 Lithuanians · Türkiye
1055
+16
🇦🇺 Inca · Australia
988
+17
🇨🇳 Mongols · China
1089
-17
🇨🇳 Vietnamese · China
1037
-15
🇺🇦 Turks · Ukraine
1037
-15
🇨🇳 Inca · China
1031
-15
渣渣灰
11:37 Feudal Age
12:04 Double-Bit Axe
17:49 Castle Age
15:59 Horse Collar
19:09 Wheelbarrow
19:52 Bow Saw
19:57 Heavy Plow
24:02 Stone Mining
25:46 Hand Cart
31:22 Imperial Age
28:42 Loom
29:47 Stone Shaft Mining
29:05 Gold Mining
31:07 Fletching
31:28 Forging
31:19 Scale Mail Armor
31:25 Scale Barding Armor
33:11 Two-Man Saw
32:35 Elite Fire Lancer
34:03 Chatras
34:40 Hoardings
35:36 Crop Rotation
35:18 Elite Rattan Archer
36:30 Padded Archer Armor
36:26 Bodkin Arrow
36:05 Crossbowman
37:29 Paper Money
37:44 Leather Archer Armor
40:50 Chain Barding Armor
41:06 Iron Casting
41:02 Ring Archer Armor
40:32 Bracer
39:59 Elite Battle Elephant
41:19 Ballistics
40:46 Treadmill Crane
东京节度使
9:55 Feudal Age
8:51 Loom
15:17 Castle Age
14:07 Stone Mining
14:44 Double-Bit Axe
22:52 Wheelbarrow
22:14 Horse Collar
25:12 Gold Mining
25:26 Town Watch
25:44 Heavy Plow
25:56 Bow Saw
26:13 Fletching
27:09 Gold Shaft Mining
26:51 Bodkin Arrow
29:01 Forging
30:38 Iron Casting
34:22 Imperial Age
32:16 Ballistics
32:07 Scale Barding Armor
34:23 Chain Barding Armor
34:49 Stone Shaft Mining
34:55 Hand Cart
35:30 Conscription
34:34 Elite Mangudai
35:18 Bracer
36:19 Blast Furnace
35:22 Husbandry
35:32 Bloodlines
37:28 Blast Furnace
36:05 Pikeman
36:46 Squires
38:23 Chemistry
39:16 Scale Mail Armor
39:18 Padded Archer Armor
sparttanez
12:19 Feudal Age
16:38 Castle Age
14:35 Double-Bit Axe
21:16 Imperial Age
18:53 Horse Collar
19:05 Gold Mining
19:38 Bow Saw
20:10 Loom
21:01 Wheelbarrow
21:28 Gold Shaft Mining
25:37 Hand Cart
34:57 Stone Mining
好邻居
3:35 Loom
10:11 Feudal Age
15:45 Castle Age
14:03 Stone Mining
14:56 Double-Bit Axe
14:53 Horse Collar
16:34 Wheelbarrow
17:34 Bow Saw
31:17 Gold Mining
El Nuto
9:34 Feudal Age
9:44 Feudal Age
11:53 Loom
14:45 Castle Age
12:53 Horse Collar
13:04 Double-Bit Axe
14:53 Champi Runner
15:35 Scale Mail Armor
16:13 Forging
17:04 Champi Warrior
19:28 Horse Collar
23:14 Chain Mail Armor
27:52 Padded Archer Armor
27:42 Fletching
28:28 Iron Casting
28:47 Bow Saw
28:37 Heavy Plow
30:17 Heavy Plow
33:02 Bodkin Arrow
37:18 Squires
37:26 Gold Mining
40:13 Imperial Age
41:15 Pikeman
41:41 Arson
42:19 Andean Sling
42:29 Fabric Shields
43:07 Plate Mail Armor
CoskunKaya
10:35 Feudal Age
9:41 Loom
15:56 Castle Age
13:51 Double-Bit Axe
15:16 Bloodlines
17:02 Husbandry
18:47 Forging
19:33 Scale Barding Armor
21:03 Wheelbarrow
20:14 Town Watch
20:11 Horse Collar
21:32 Bow Saw
21:51 Heavy Plow
22:37 Stone Mining
24:52 Stone Shaft Mining
24:08 Gold Mining
25:28 Iron Casting
28:33 Chain Barding Armor
31:30 Hand Cart
37:19 Imperial Age
36:40 Town Patrol
38:30 Conscription
37:31 Elite Leitis
38:55 Plate Barding Armor
39:28 Hoardings
39:22 Ballistics
38:59 Murder Holes
39:32 Fletching
40:45 Chemistry
39:55 Masonry
39:26 Treadmill Crane
41:06 Bodkin Arrow
41:12 Padded Archer Armor
giancarlo7
10:05 Feudal Age
10:27 Horse Collar
10:36 Double-Bit Axe
11:30 Wheelbarrow
17:59 Castle Age
16:16 Stone Mining
16:44 Gold Mining
17:35 Scale Mail Armor
18:09 Forging
18:25 Scale Barding Armor
19:37 Bow Saw
20:34 Hand Cart
23:18 Szlachta Privileges
24:42 Husbandry
29:26 Imperial Age
28:55 Chain Barding Armor
29:37 Padded Archer Armor
30:40 Chain Mail Armor
32:05 Plate Mail Armor
32:11 Iron Casting
34:47 Cavalier
34:48 Light Cavalry
35:39 Bloodlines
37:28 Winged Hussar
Saeer
6:16 Loom
6:35 Loom
11:18 Feudal Age
16:25 Castle Age
14:37 Stone Mining
14:38 Gold Mining
14:51 Double-Bit Axe
15:30 Gold Mining
15:54 Fletching
20:29 Treadmill Crane
22:47 Wheelbarrow
24:46 Town Watch
26:21 Ballistics
25:58 Murder Holes
27:47 Stone Shaft Mining
27:59 Horse Collar
28:38 Hand Cart
28:30 Bodkin Arrow
29:22 Town Patrol
32:58 Imperial Age
31:18 Forging
31:09 Padded Archer Armor
31:27 Bow Saw
33:02 Leather Archer Armor
33:23 Iron Casting
32:49 Scale Mail Armor
34:01 Conscription
35:32 Chemistry
34:34 Bracer
37:48 Masonry
40:34 Elite Genoese Crossbowman
Connection lost

Rejoining the realm…

Still unreachable

The connection could not be restored.

Session expired

The server has moved on; the page needs a fresh start.